 Dungeon Crawl Stone Soup version 0.19-a0-1682-g5114f93 (webtiles) character file.

3371 HungrySpirit the Covert (level 10, 0/60 HPs)
             Began as an Octopode Assassin on Sept 24, 2016.
             Was a Believer of Okawaru.
             Slain by a killer bee (7 damage)
             ... on level 8 of the Dungeon.
             The game lasted 00:11:50 (7025 turns).

HungrySpirit the Covert (Octopode Assassin)         Turns: 7025, Time: 00:11:51

Health: 0/60       AC: -2    Str: 13    XL:     10   Next: 3%
Magic:  6/6        EV: 21    Int: 22    God:    Okawaru [**....]
Gold:   336        SH:  0    Dex: 21    Spells: 0 memorised, 9 levels left

rFire  + . .     SeeInvis .     O - +2 rapier of the Jester {antimagic, rC+} (curse)
rCold  + . .     Gourm    .     (no shield)
rNeg   . . .     Faith    .     (helmet restricted)
rPois  .         Spirit   .     (no amulet)
rElec  .         Dismiss  .     (no ring)
rCorr  .         Reflect  .     i - +3 ring of intelligence
MR     +....     Harm     .     u - ring of protection from fire
Stlth  +++++++...               q - +6 ring of intelligence
                                x - +3 ring of dexterity
                                F - ring of Yloc {*Corrode MR+ Str+3 Stlth+}
                                h - ring of wizardry
                                B - ring of magical power

@: corroded
A: almost no armour, stealthy swim, amphibious, 8 rings, constrict 8, camouflage
1, gelatinous body 1
a: Heroism, Renounce Religion


You were on level 8 of the Dungeon.
You worshipped Okawaru.
Okawaru was pleased with you.
You were not hungry.

You visited 1 branch of the dungeon, and saw 8 of its levels.

You collected 560 gold pieces.
You spent 224 gold pieces at shops.

Inventory:

Hand Weapons
 l - a +1 dagger of venom
 O - the cursed +2 rapier of the Jester (weapon) {antimagic, rC+}
   (You found it on level 8 of the Dungeon)

   It reduces the magical energy of the wielder, and disrupts the spells and
   magical abilities of those hit.
   Natural abilities and divine invocations are not affected.
   It protects you from cold.
   It has a curse placed upon it.
Jewellery
 h - a ring of wizardry (on tentacle)
 i - a +3 ring of intelligence (right tentacle)
 q - a +6 ring of intelligence (on tentacle)
 u - a ring of protection from fire (on tentacle)
 x - a +3 ring of dexterity (on tentacle)
 B - a ring of magical power (on tentacle)
 F - the ring of Yloc (on tentacle) {*Corrode MR+ Str+3 Stlth+}
   (You found it on level 5 of the Dungeon)

   [ring of stealth]

   It affects your strength (+3).
   It affects your resistance to hostile enchantments.
   It may corrode you when you take damage.
   It makes you more stealthy.
 J - a +5 ring of strength {unknown}
Scrolls
 b - 3 scrolls of vulnerability {unknown}
 c - a scroll of fog
 d - a scroll of summoning
 k - 2 scrolls of enchant weapon
 n - 9 scrolls of identify
 o - 2 scrolls of recharging
 y - 3 scrolls of blinking
 A - a scroll of magic mapping
 C - a scroll of remove curse
 G - a scroll of teleportation
 K - 2 scrolls of fear
 L - 2 scrolls of holy word {unknown}
Potions
 e - 4 potions of curing
 j - a potion of magic {unknown}
 m - 2 potions of haste {unknown}
 p - 4 potions of flight {unknown}
 r - 2 potions of berserk rage {unknown}
 s - a potion of brilliance {unknown}
 t - a potion of heal wounds {unknown}
 v - 3 potions of degeneration {unknown}
 w - 2 potions of might {unknown}
 E - a potion of ambrosia {unknown}
 H - a potion of cure mutation {unknown}
 N - a potion of mutation {unknown}
Books
 a - a Fen Folio

   Spells                             Type                      Level
   a - Corpse Rot                     Necromancy                   2
   b - Stone Arrow                    Conjuration/Earth            3
   c - Leda's Liquefaction            Hexes/Earth                  4
   d - Summon Forest                  Summoning/Translocation      5
   e - Hydra Form                     Transmutation                6
   f - Summon Hydra                   Summoning                    7
Comestibles
 f - 8 bread rations
 g - 5 meat rations
 z - a beef jerky
 I - 3 fruits


   Skills:
 - Level 2.0 Fighting
 * Level 9.0 Short Blades
 - Level 2.0 Throwing
 * Level 9.0 Dodging
 + Level 10.1 Stealth


You had 9 spell levels left.
You didn't know any spells.

Dungeon Overview and Level Annotations

Branches:
Dungeon (8/15)             Temple (0/1) D:5
   Lair: D:8-11

Altars:
Cheibriados
Fedhas
Hepliaklqana
Kikubaaqudgha
Okawaru
Qazlal
Sif Muna
Xom
Yredelemnul
Zin

Shops:
D:7 [   D:8 ?


Innate Abilities, Weirdness & Mutations

You cannot wear most types of armour.
You are very stealthy in the water.
You are amphibious.
You can wear up to eight rings at the same time.
You can use your tentacles to constrict eight enemies at once.
Your skin changes colour to match your surroundings (Stealth+).
Your rubbery body absorbs attacks. (AC +1, EV +1)


Message History

The centaur is almost dead.
The killer bee closely misses you. The centaur misses you.
The killer bee misses you.
You hit the centaur.
You kill the centaur!
Okawaru accepts your kill.
Your Short Blades skill increases to level 9!
The killer bee completely misses you.
You hit the killer bee. Your grab misses the killer bee.
You squeeze the killer bee.
The killer bee is severely wounded.
The killer bee stings you!
* * * LOW HITPOINT WARNING * * *
The killer bee misses you.
You miss the killer bee. You grab the killer bee.
You squeeze the killer bee, but do no damage.
The killer bee is severely wounded.
You constrict the killer bee, but do no damage.
The killer bee stings you!
You die...

#...............#
#....)...######## #........#
######### #........# #.......#
.........## ###.#####.##
.#+#......#####...#......# #..
.#............#.###.###..######..
..........#.###.###......##...#..
.#.#.####.#.#...@)......[.'......
..>.............y........##...##.
.#.#...##.#.#(.............#####.
.#.#...##†#.#.#.######.#.#.#####.
.#.........†...?.................
.#...............................
.#......#.#............#......#..
........).....#...###..#.#.#..#..
#####...............c............


You could see a killer bee.

Vanquished Creatures
  Pikel (D:4)
  Grinder (D:6)
  Prince Ribbit (D:7)
  The ghost of ReniFell the Cudgeler, an amateur GrFi of Okawaru (D:4)
  2 orc warriors
  2 phantoms (D:6)
  An ice beast (D:3)
  4 slaves (D:4)
  A black bear (D:6)
  A sky beast (D:6)
  A necrophage (D:7)
  2 ogres
  2 centaurs
  3 bullfrogs
  3 scorpions
  2 killer bees (D:8)
  A howler monkey (D:4)
  2 crimson imps
  3 orc priests (D:7)
  A hound (D:8)
  5 orc wizards
  A gnoll shaman (D:7)
  2 iguanas
  Natasha (thrice) (D:3)
  3 worker ants
  Terence (D:3)
  A hound skeleton (D:7)
  A worker ant zombie (D:5)
  9 gnolls
  7 adders
  A shadow imp (D:5)
  An ooze (D:1)
  An adder zombie (D:5)
  3 worms
  2 dart slugs
  A leopard gecko (D:4)
  19 orcs
  4 giant cockroaches
  9 hobgoblins
  4 jackals
  A quokka (D:5)
  A ball python (D:3)
  11 bats
  4 frilled lizards
  7 goblins
  6 kobolds
  A leopard gecko zombie (D:6)
  10 rats
154 creatures vanquished.

Notes
Turn   | Place    | Note
-------+----------+-------------------------------------------
     0 | D:1      | HungrySpirit the Octopode Assassin began the quest for the Orb.
     0 | D:1      | Reached XP level 1. HP: 14/14 MP: 1/1
   151 | D:1      | Reached XP level 2. HP: 19/19 MP: 2/2
   682 | D:1      | Reached XP level 3. HP: 9/24 MP: 3/3
  1170 | D:2      | Reached XP level 4. HP: 29/29 MP: 4/4
  1511 | D:3      | Noticed Terence
  1516 | D:3      | Killed Terence
  1546 | D:3      | Noticed Natasha
  1550 | D:3      | Killed Natasha
  1550 | D:3      | Reached skill level 6 in Stealth
  1550 | D:3      | Reached XP level 5. HP: 28/34 MP: 5/5
  1599 | D:3      | Noticed an ice beast
  1602 | D:3      | Killed an ice beast
  1602 | D:3      | Reached XP level 6. HP: 39/39 MP: 6/6
  1622 | D:3      | Noticed Natasha
  1634 | D:3      | Killed Natasha
  1748 | D:3      | Noticed Natasha
  1772 | D:3      | Killed Natasha
  2133 | D:4      | Noticed ReniFell's ghost (amateur GrFi)
  2138 | D:4      | Noticed a slave
  2142 | D:4      | Killed ReniFell's ghost
  2142 | D:4      | Reached XP level 7. HP: 18/45 MP: 7/7
  2154 | D:4      | Noticed Pikel
  2462 | D:4      | Reached skill level 5 in Short Blades
  2559 | D:4      | Reached skill level 7 in Stealth
  2893 | D:4      | Killed Pikel
  2893 | D:4      | Reached XP level 8. HP: 32/50 MP: 8/8
  3130 | D:5      | Entered Level 5 of the Dungeon
  3217 | D:5      | Reached skill level 8 in Stealth
  3622 | D:5      | Found an iron altar of Okawaru.
  3663 | D:5      | Found a blossoming altar of Fedhas.
  3688 | D:5      | Became a worshipper of Warmaster Okawaru
  3788 | D:5      | Got a scintillating marble ring
  3789 | D:5      | Identified the ring of Yloc {*Corrode MR+ Str+3 Stlth+} (You found it on level 5 of the Dungeon)
  3940 | D:5      | Found a staircase to the Ecumenical Temple.
  4145 | D:5      | Found a snail-covered altar of Cheibriados.
  4145 | D:5      | Found a basalt altar of Yredelemnul.
  4145 | D:5      | Found a stormy altar of Qazlal.
  4147 | D:5      | Found a glowing silver altar of Zin.
  4352 | D:6      | Noticed Grinder
  4358 | D:6      | Killed Grinder
  4366 | D:6      | Reached XP level 9. HP: 45/54 MP: 9/9
  4485 | D:6      | Found a deep blue altar of Sif Muna.
  4487 | D:6      | Found an ancient bone altar of Kikubaaqudgha.
  4542 | D:6      | Reached skill level 9 in Stealth
  4596 | D:6      | Reached * piety under Okawaru
  5807 | D:7      | Found Dinokaum's Armour Shop.
  5852 | D:7      | Noticed Prince Ribbit
  5872 | D:7      | Killed Prince Ribbit
  5872 | D:7      | Reached ** piety under Okawaru
  6187 | D:7      | Found a hazy altar of Hepliaklqana.
  6188 | D:7      | Found a shimmering altar of Xom.
  6188 | D:7      | Noticed a tentacled monstrosity
  6189 | D:7      | Noticed a spectral ugly thing
  6189 | D:7      | Noticed a tentacled monstrosity
  6734 | D:8      | Found Saicud's Magic Scroll Shop.
  6739 | D:8      | Bought a scroll of fog for 30 gold pieces
  6739 | D:8      | Bought a scroll of fear for 52 gold pieces
  6739 | D:8      | Bought a scroll of summoning for 142 gold pieces
  6758 | D:8      | Reached skill level 10 in Stealth
  6900 | D:8      | Reached XP level 10. HP: 60/60 MP: 10/10
  6919 | D:8      | Got a shimmering rapier
  6920 | D:8      | Identified the cursed +2 rapier of the Jester {antimagic, rC+} (You found it on level 8 of the Dungeon)
  7025 | D:8      | Slain by a killer bee

Vault maps used:
D:1:      dpeg_arrival_houses_and_road, minmay_split_cup_large
D:2:      st_stairs_1, minmay_octomino_j4
D:3:      first_bread, serial_glass, glass_columns_b, glass_columns_b,
          glass_columns_a, glass_columns_b, glass_columns_b, glass_columns_b,
          glass_columns_c, glass_columns_a, feat_on_display, uniq_natasha,
          uniq_terence
D:4:      uniq_pikel
D:5:      wad_pebble_path, okawaru_metal_pillars_1_2, minitemple,
          hangedman_abyss_or_decor_stabs
D:6:      nicolae_overflow_hidden_temple, wad_rectangle_vault, uniq_grinder
D:7:      regret_index_temple_of_mockery, serial_shops, kennysheep_mini_moat,
          uniq_prince_ribbit1
D:8:      serial_shops, nicolae_shop_statue_plus, shop, shop,
          nicolae_shop_crystal, nicolae_shop_waterfront

Skill      XL: |  1  2  3  4  5  6  7  8  9 10 |
---------------+-------------------------------+-----
Dodging        | 2 3 4 6 7 8 9 |  9.0
Short Blades   | 3 4 6 7 8 9 |  9.0
Stealth        | 6 7 8 10 | 10.1
Fighting       | |  2.0
Throwing       | |  2.0

Action                   |  1- 3 |  4- 6 |  7- 9 | 10-12 || total
-------------------------+-------+-------+-------+-------++-------
Melee: Dagger            |    53 |    67 |   296 |     7 ||   423
       Constrict         |     5 |    13 |    52 |     2 ||    72
       Tentacles         |     6 |     7 |    76 |     7 ||    96
       Rapier            |       |       |       |    11 ||    11
  Use: Scroll            |     2 |     3 |     5 |     1 ||    11
       Potion            |       |     1 |       |     1 ||     2
 Stab: Sleeping          |    17 |    12 |    28 |       ||    57
       Invisible         |       |     1 |     3 |       ||     4
       Distracted        |       |     1 |     2 |       ||     3
  Eat: Chunk             |       |     3 |    13 |       ||    16
       Beef jerky        |       |       |     2 |       ||     2
Armor: Skin              |     8 |     4 |     9 |       ||    21
Dodge: Dodged            |    29 |    40 |   186 |    27 ||   282
